 Dungeon Crawl Stone Soup version 0.30.0-10-gfe55d96785 (webtiles) character file.

Game seed: 8095163384970522595

27 Pimp the Shooter (level 3, -3/22 HPs)
             Began as a Tengu Hunter on May 15, 2023.
             Slain by Sigmund
             ... wielding a +0 scythe
              (6 damage)
             ... on level 2 of the Dungeon.
             The game lasted 00:03:01 (739 turns).

Pimp the Shooter (Tengu Hunter)                      Turns: 739, Time: 00:03:02

Health: -3/22      AC:  8    Str: 11    XL:     3   Next: 10%
Magic:  4/4        EV:  6    Int: 12    God:
Gold:   69         SH:  0    Dex: 25    Spells: 2/2 levels left

rFire   + . .        j - +10 falchion "Xixon" {vamp, rPois Int+3}
rCold   . . .        (no shield)
rNeg    . . .        e - +0 chain mail
rPois   +            (helmet restricted)
rElec   .            (no cloak)
rCorr   .            (no gloves)
SInv    .            (boots unavailable)
Will    .....        (no amulet) Stlth
                     f - +6 ring of dexterity
HPRegen 0.23/turn    d - ring of protection from fire
MPRegen 0.09/turn

%: no passive effects
@: confused
A: beak, talons 3
a: no special abilities


You were on level 2 of the Dungeon.
You visited 1 branch of the dungeon, and saw 2 of its levels.

You collected 69 gold pieces.

Inventory:

Hand Weapons
 a - a +0 shortbow
 j - the +10 falchion "Xixon" (weapon) {vamp, rPois Int+3}
   (You found it on level 2 of the Dungeon)

   Int:       It affects your intelligence (+3).
   rPois:     It protects you from poison.
Armour
 c - a +0 leather armour
 e - a +0 chain mail (worn)
Jewellery
 d - a ring of protection from fire (right hand)
 f - a +6 ring of dexterity (left hand)
Scrolls
 b - a scroll of immolation
 g - a scroll of teleportation {unknown}
 i - a scroll of identify {unknown}


   Skills:
 + Level 2.4 Fighting
 + Level 0.0 Long Blades
 + Level 4.6 Ranged Weapons
 + Level 2.7 Dodging
 + Level 1.7 Stealth


You had 2 spell levels left.
You didn't know any spells.
Your spell library was empty.

Dungeon Overview and Level Annotations

Branches:
Dungeon (2/15)

Altars:

Annotations:
D:2 Sigmund


Innate Abilities, Weirdness & Mutations

You have a beak for a mouth.
You have claws for feet.


Message History

You feel a sense of dread.
j - the +10 falchion "Xixon" (weapon)
{vamp, rPois Int+3} You closely miss the giant cockroach.
You peck the giant cockroach.
The giant cockroach is moderately wounded.
The giant cockroach bites you but does no damage.
Something hits you!
The giant cockroach bites you but does no damage.
You slash the giant cockroach!
You kill the giant cockroach!
Something hits you but does no damage. The ball python closely misses you. x2
You barely miss the ball python. The ball python barely misses you.
The ball python grabs you. The ball python constricts you. Something hits you.
You closely miss the ball python. You claw the ball python.
The ball python is moderately wounded.
The ball python bites you. The ball python constricts you.
The ball python bites you. The ball python constricts you.
It was a potion of curing.
You feel better. Something hits you.
The ball python bites you but does no damage.
The ball python constricts you.
You slash the ball python!
You feel better.
You kill the ball python!
You hear some strange, mumbled words.
Something tries to affect you, but you resist.
Something hits you!
Things that are here:
a ball python corpse; a giant cockroach corpse You closely miss something.
You claw something. Something hits you but does no damage.
You slash something! Your kick misses something.
You hear some strange, mumbled words.
You are confused.
You bump into the rock wall.
You hear some strange, mumbled words.
You are more confused.
You bump into the rock wall.
Something hits you.
* * * LOW HITPOINT WARNING * * *
You are too confused!
You aren't carrying any potions.
You miss something. Something hits you.
You die...

#...# #...# #...#
#...# ### #...#
#.######...#
#†##.....†.#
#@{#.......#
##.'.....#.#
###.....#.#
#.......#.#####
#.......#.....#
#.......#####.###
#.......... #.#<)
#.......... #.###
####....... #.(..


There were no monsters in sight!

Vanquished Creatures
  A dart slug (D:1)
  A bat (D:1)
  4 endoplasms
  3 giant cockroaches
  3 goblins
  2 hobgoblins (D:1)
  2 quokkas (D:1)
  2 ball pythons
  A frilled lizard (D:2)
  2 kobolds (D:1)
21 creatures vanquished.

Notes
Turn   | Place    | Note
-------+----------+-------------------------------------------
     0 | D:1      | Pimp the Tengu Hunter began the quest for the Orb.
     0 | D:1      | Reached XP level 1. HP: 12/12 MP: 2/2
   274 | D:1      | Reached XP level 2. HP: 17/17 MP: 3/3
   693 | D:2      | Reached XP level 3. HP: 22/22 MP: 4/4
   708 | D:2      | Identified the +10 falchion "Xixon" {vamp, rPois Int+3}
   719 | D:2      | Noticed Sigmund
   739 | D:2      | Slain by Sigmund

Illustrated notes

Levels and vault maps discovered:
D:1:      dpeg_arrival_boxes_within_box, layout_basic
D:2:      layout_basic, uniq_crazy_yiuf_cottage, uniq_sigmund

Action                     || total
---------------------------++-------
  Melee: Falchion          ||     8
         Kick              ||     2
         Peck              ||     1
   Fire: Shortbow          ||    47
    Use: Potion            ||     1
 Armour: Chain mail        ||    13
  Dodge: Dodged            ||    11
